 Dungeon Crawl Stone Soup version 0.31-a0-986-g5e6e4ef867 (webtiles) character file.

Game seed: 13999655352635449663

37 Curundu the Slasher (level 3, -1/31 HPs)
             Began as a Gnoll Reaver on Nov 10, 2023.
             Slain by a gnoll
             ... wielding a +0 halberd
              (7 damage)
             ... on level 2 of the Dungeon.
             The game lasted 00:07:05 (1216 turns).

Curundu the Slasher (Gnoll Reaver)                  Turns: 1216, Time: 00:07:05

Health: -1/31      AC:  9    Str: 11    XL:     3   Next: 39%
Magic:  9/9        EV:  6    Int: 12    God:
Gold:   121        SH:  0    Dex: 12    Spells: 11/12 levels left

rFire   . . .        a - +0 falchion
rCold   . . .        (no shield)
rNeg    . . .        j - +0 chain mail
rPois   .            (no helmet)
rElec   .            (no cloak)
rCorr   .            (no gloves)
SInv    .            e - +0 pair of boots
Will    .....        (no amulet) Stlth
                     (no ring)
HPRegen 0.25/turn    (no ring)
MPRegen 0.11/turn

%: no passive effects
@: no status effects
A: fangs 1, strong nose, distributed training
a: no special abilities


You were on level 2 of the Dungeon.
You visited 1 branch of the dungeon, and saw 2 of its levels.

You collected 121 gold pieces.

Inventory:

Hand Weapons
 a - a +0 falchion (weapon)
Armour
 b - a +0 leather armour
 e - a +0 pair of boots (worn)
 j - a +0 chain mail (worn)
Magical Staves
 f - a staff of conjuration
Scrolls
 d - 2 scrolls of immolation {unknown}
 g - a scroll of poison {unknown}
 h - 2 scrolls of identify {unknown}
 i - a scroll of enchant armour {unknown}


   Skills:
 + Level 4.5 Fighting
 + Level 0.8 Short Blades
 + Level 6.5 Long Blades
 + Level 0.8 Axes
 + Level 0.8 Maces & Flails
 + Level 0.8 Polearms
 + Level 0.8 Staves
 + Level 0.8 Ranged Weapons
 + Level 0.8 Throwing
 + Level 0.8 Armour
 + Level 4.5 Dodging
 + Level 0.8 Stealth
 + Level 0.8 Shields
 + Level 0.8 Unarmed Combat
 + Level 5.0 Spellcasting
 + Level 5.4 Conjurations
 + Level 0.5 Hexes
 + Level 0.5 Summonings
 + Level 0.5 Necromancy
 + Level 0.5 Translocations
 + Level 0.5 Transmutations
 + Level 0.5 Fire Magic
 + Level 0.5 Ice Magic
 + Level 0.5 Air Magic
 + Level 0.5 Earth Magic
 + Level 0.5 Poison Magic
 + Level 1.0 Invocations
 + Level 0.8 Evocations
 + Level 0.7 Shapeshifting


You had 11 spell levels left.
You knew the following spells:

 Your Spells              Type           Power      Damage    Failure   Level
a - Kiss of Death         Conj/Necr      40%        2d8       90%         1

Your spell library contained the following spells:

 Spells                   Type           Power      Damage    Failure   Level
 Momentum Strike          Conj/Tloc      20%        3d8       97%         2
 Hailstorm                Conj/Ice       10%        3d5       99%         3


Dungeon Overview and Level Annotations

Branches:
Dungeon (2/15)

Altars:


Innate Abilities, Weirdness & Mutations

You have very sharp teeth.
Your uncanny sense of smell can sniff out nearby items.
Your experience applies equally to all skills.


Message History

You bite the giant cockroach, but do no damage.
The giant cockroach is heavily wounded.
The giant cockroach bites you but does no damage.
You completely miss the giant cockroach.
You bite the giant cockroach, but do no damage.
The giant cockroach is heavily wounded.
The giant cockroach barely misses you.
The gnoll hits you from afar with a +0 halberd!
You hit the giant cockroach.
You kill the giant cockroach!
A rat comes into view.
The gnoll hits you from afar with a +0 halberd.
You barely miss the gnoll. You bite the gnoll.
The gnoll is lightly wounded.
The gnoll closely misses you.
The gnoll hits you from afar with a +0 halberd.
You barely miss the gnoll.
The gnoll is lightly wounded.
The gnoll hits you with a +0 whip.
The gnoll hits you from afar with a +0 halberd.
You barely miss the gnoll.
The gnoll is lightly wounded.
The gnoll hits you with a +0 whip.
* * * LOW HITPOINT WARNING * * *
The gnoll hits you from afar with a +0 halberd.
* * * LOW HITPOINT WARNING * * *
You slash the gnoll!
The gnoll is severely wounded.
The gnoll hits you but does no damage.
The gnoll hits you from afar with a +0 halberd.
* * * LOW HITPOINT WARNING * * *
You aren't carrying any potions.
Blink to where?
Press: ? - help, Dir - move target, f - kobold
Aim: a kobold, wielding a +0 dagger
Okay, then.
As you read the scroll labelled ZEASHR ZUUG, it crumbles to dust.
It was a scroll of blinking.
The gnoll barely misses you.
The gnoll hits you from afar with a +0 halberd!
You die...

#########
........# #@#
# ####g###
...#..gKg.#
#......r#.#
#..#...<#.#
.. #......#
#..#......
......#####.#
#..#....


You could see 3 gnolls, a kobold and a rat.

Vanquished Creatures
  4 endoplasms (D:1)
  3 giant cockroaches
  5 goblins (D:1)
  5 hobgoblins (D:1)
  2 kobolds (D:1)
  3 quokkas (D:1)
  2 ball pythons (D:1)
  4 bats
  A frilled lizard (D:1)
  A rat (D:1)
30 creatures vanquished.

Notes
Turn   | Place    | Note
-------+----------+-------------------------------------------
     0 | D:1      | Curundu the Gnoll Reaver began the quest for the Orb.
     0 | D:1      | Reached XP level 1. HP: 20/20 MP: 6/6
   134 | D:1      | Reached XP level 2. HP: 26/26 MP: 7/7
   646 | D:1      | Reached XP level 3. HP: 29/31 MP: 9/9
   649 | D:1      | Reached skill level 5 in Spellcasting
  1206 | D:2      | Reached skill level 1 in Invocations
  1216 | D:2      | Slain by a gnoll

Illustrated notes

Levels and vault maps discovered:
D:1:      kennysheep_arrival_forest, layout_basic, minivault_26
D:2:      layout_basic, minmay_fractal_squares_5

Skill      XL: |  1  2  3 |
---------------+----------+-----
Spellcasting   | 5 |  5.0
Invocations    | 1 |  1.0
Fighting       | |  4.5
Short Blades   | |  0.8
Long Blades    | |  6.5
Axes           | |  0.8
Maces & Flails | |  0.8
Polearms       | |  0.8
Staves         | |  0.8
Ranged Weapons | |  0.8
Throwing       | |  0.8
Armour         | |  0.8
Dodging        | |  4.5
Stealth        | |  0.8
Shields        | |  0.8
Unarmed Combat | |  0.8
Conjurations   | |  5.4
Hexes          | |  0.5
Summonings     | |  0.5
Necromancy     | |  0.5
Translocations | |  0.5
Transmutations | |  0.5
Fire Magic     | |  0.5
Ice Magic      | |  0.5
Air Magic      | |  0.5
Earth Magic    | |  0.5
Poison Magic   | |  0.5
Evocations     | |  0.8
Shapeshifting  | |  0.7

Action                     || total
---------------------------++-------
  Melee: Falchion          ||    92
         Bite              ||    10
    Use: Scroll            ||     1
 Armour: Leather armour    ||    50
         Chain mail        ||    13
  Dodge: Dodged            ||    57

Table legend: (Time is in decaauts)
 A = Elapsed time spent in this place.
 B = Non-inter-level travel time spent in this place.
 C = Inter-level travel time spent in this place.
 D = Time resting spent in this place.
 E = Time spent auto-exploring this place.
 F = Levels seen in this place.
 G = Mean time per level.
                   A        B        C        D        E       F      G
               +--------+--------+--------+--------+--------+-----+--------+
         Total |   1213 |   1213 |      0 |     56 |      0 |   2 |  606.5 |
       Dungeon |   1213 |   1213 |      0 |     56 |      0 |   2 |  606.5 |
               +--------+--------+--------+--------+--------+-----+--------+

Top non-repeatable levels by time:
     D:1: 1196 daAuts
     D:2: 16 daAuts
